 Dungeon Crawl Stone Soup version 0.31-a0-983-g7b6862f502 (webtiles) character file.

Game seed: 6342308515021536326

1422 gruber the Sneak (level 8, 0/39 HPs)
             Began as a Vine Stalker Fighter on Nov 2, 2023.
             Slain by an orc warrior
             ... wielding a +0 halberd
              (7 damage)
             ... on level 6 of the Dungeon.
             The game lasted 00:04:44 (3039 turns).

gruber the Sneak (Vine Stalker Fighter)             Turns: 3039, Time: 00:04:45

Health: 0/39       AC:  9    Str: 23    XL:     8   Next: 72%
Magic:  0/9        EV:  9    Int:  8    God:
Gold:   210        SH:  5    Dex: 15    Spells: 7/7 levels left

rFire   + + .        s - +2 dagger (freeze)
rCold   + . .        c - +0 buckler
rNeg    . . .        b - +0 scale mail
rPois   .            (no helmet)
rElec   +            B - +0 cloak
rCorr   .            i - +0 pair of gloves
SInv    .            (no boots)
Will    ++...        (no amulet)
Stlth   ++           m - ring of willpower
HPRegen 1.06/turn    o - ring of Daffodils {Drain rElec rF++ rC+ Str+3}
MPRegen 0.11/turn

%: guardian spirit
@: mighty, lethally poisoned (0 -> -1), marked
A: fangs 3, regeneration 1, magic shield, antimagic bite, no potion heal 2
a: no special abilities


You were on level 6 of the Dungeon.
You visited 1 branch of the dungeon, and saw 6 of its levels.

You collected 210 gold pieces.

Inventory:

Hand Weapons
 s - a +2 dagger of freezing (weapon)
Missiles
 h - 12 poisoned darts
 k - a throwing net
Armour
 b - a +0 scale mail (worn)
 c - a +0 buckler (worn)
 i - a +0 pair of gloves (worn)
 B - a +0 cloak (worn)
Jewellery
 m - a ring of willpower (left hand)
 o - the ring of Daffodils (right hand) {Drain rElec rF++ rC+ Str+3}
   (You found it on level 2 of the Dungeon)

   [ring of protection from cold]

   Str+3:     It affects your strength (+3).
   rF++:      It greatly protects you from fire.
   rC+:       It protects you from cold.
   rElec:     It insulates you from electricity.
   Drain:     It drains your maximum health when unequipped.
Wands
 v - a wand of iceblast (7)
 y - a wand of polymorph (21)
Scrolls
 f - a scroll of fear {unknown}
 l - 2 scrolls of immolation {unknown}
 n - 7 scrolls of identify {unknown}
 p - 2 scrolls of blinking {unknown}
 r - 2 scrolls of enchant weapon {unknown}
 t - a scroll of fog {unknown}
 u - a scroll of amnesia {unknown}
 A - a scroll of teleportation {unknown}
 C - a scroll of poison {unknown}
Potions
 a - a potion of attraction {unknown}
 d - 2 potions of might
 e - 2 potions of brilliance {unknown}
 g - 2 potions of lignification {unknown}
 j - 5 potions of mutation {unknown}
 q - 2 potions of haste {unknown}
 w - a potion of degeneration {unknown}
 x - a potion of magic {unknown}
 z - a potion of ambrosia {unknown}


   Skills:
 - Level 2.6 Fighting
 - Level 7.0 Short Blades
 * Level 4.6 Armour
 - Level 7.1 Stealth
 - Level 2.6 Shields


You had 7 spell levels left.
You didn't know any spells.
Your spell library contained the following spells:

 Spells                   Type           Power      Damage    Failure   Level
 Cigotuvi's Dreadful Rot  Necr/Pois/Air  0%         N/A       89%         2
 Ignite Poison            Fire/Tmut/Pois 0%         N/A       98%         3
 Freezing Cloud           Conj/Ice/Air   0%         6-21      100%        5


Dungeon Overview and Level Annotations

Branches:
Dungeon (6/15)
 Temple: D:4-7

Altars:
Makhleb
Qazlal
Yredelemnul

Annotations:
D:3 1 runed translucent door, Crazy Yiuf
D:6 2 transporters, Dirtsage's ghost, novice OpSh


Innate Abilities, Weirdness & Mutations

You have razor-sharp teeth.
Your natural rate of healing is unusually fast.
When hurt, damage is shared between your health and your magic reserves.
Your bite disrupts and absorbs the magic of your enemies.
Potions cannot restore your health.


Message History

You feel sick.
The water moccasin bites you but does no damage.
An ogre comes into view. It is wielding a +0 giant spiked club.
The orc hits you but does no damage.
You are more poisoned.
Unknown command.
You closely miss the water moccasin.
The water moccasin is heavily wounded.
You feel sick. The water moccasin bites you.
You hit the water moccasin.
The water moccasin seems to slow down.
You freeze the water moccasin. Your bite misses the water moccasin.
The water moccasin is severely wounded.
You feel very sick.
An orc comes into view. It is wielding a +0 flail.
The orc hits you with a +3 flail of venom.
You are more poisoned.
You block the water moccasin's attack.
Unknown command.
You feel very mighty all of a sudden.
You feel very sick. You block the orc's attack.
The water moccasin closely misses you.
A scorpion comes into view.
Unknown command.
Unknown command.
You puncture the water moccasin!
The water moccasin seems to slow down.
You freeze the water moccasin.
You kill the water moccasin!
You feel very sick. The orc barely misses you.
You puncture the orc! You freeze the orc.
You kill the orc!
You feel very sick.
You puncture the bullfrog! You freeze the bullfrog.
The bullfrog is severely wounded.
You feel sick. The bullfrog closely misses you.
You hit the bullfrog.
The bullfrog seems to slow down.
You freeze the bullfrog.
You kill the bullfrog!
You feel sick.
The orc warrior hits you from afar with a +0 halberd!
You die...

#.# ##+## #o#
####.#####
#........#
#.##.###.# # #.# #.#
#.# #.# .#
#.###o######...#.
#....oOo)@†......
#.......s######.####
##########


You could see an orc warrior, an ogre, a scorpion and 2 orcs.

Vanquished Creatures
  Pikel (D:4)
  Sigmund (D:4)
  A water moccasin (D:6)
  2 phantoms (D:5)
  2 bullfrogs (D:6)
  Blork the orc (D:4)
  A hound (D:4)
  A jelly (D:5)
  An orc priest (D:4)
  2 sleepcaps
  Jessica (D:3)
  Natasha (D:2)
  3 orc wizards
  Robin (D:3)
  5 adders
  4 dart slugs
  13 orcs
  10 endoplasms
  4 giant cockroaches
  13 goblins
  14 hobgoblins
  6 jackals (D:1)
  5 kobolds
  2 quokkas
  6 ball pythons
  5 bats
  6 frilled lizards
  8 rats
120 creatures vanquished.

Notes
Turn   | Place    | Note
-------+----------+-------------------------------------------
     0 | D:1      | gruber the Vine Stalker Fighter began the quest for the
                  | Orb.
     0 | D:1      | Reached XP level 1. HP: 11/11 MP: 2/2
    83 | D:1      | Reached XP level 2. HP: 16/16 MP: 3/3
   258 | D:1      | Reached XP level 3. HP: 19/19 MP: 4/4
   724 | D:2      | Found a burning altar of Makhleb.
   781 | D:2      | Noticed Natasha
   792 | D:2      | Killed Natasha
   793 | D:2      | Reached XP level 4. HP: 7/23 MP: 1/5
   829 | D:2      | Identified the ring of Daffodils {Drain rElec rF++ rC+
                  | Str+3}
  1076 | D:3      | Reached XP level 5. HP: 25/27 MP: 6/6
  1109 | D:3      | Noticed Robin
  1135 | D:3      | Killed Robin
  1150 | D:3      | Noticed Jessica
  1156 | D:3      | Killed Jessica
  1157 | D:3      | Reached skill level 5 in Short Blades
  1180 | D:3      | Found a stormy altar of Qazlal.
  1278 | D:3      | Found a runed translucent door.
  1279 | D:3      | Noticed Crazy Yiuf
  1608 | D:4      | Noticed Sigmund
  1618 | D:4      | Killed Sigmund
  1619 | D:4      | Reached XP level 6. HP: 26/32 MP: 7/7
  1735 | D:4      | Noticed Blork the orc
  1744 | D:4      | Killed Blork the orc
  1798 | D:4      | Reached XP level 7. HP: 22/35 MP: 4/8
  1841 | D:4      | Reached skill level 1 in Stealth
  2007 | D:4      | Noticed Pikel
  2046 | D:4      | Killed Pikel
  2047 | D:4      | Gained mutation: You have razor-sharp teeth. [Vine Stalker
                  | growth]
  2047 | D:4      | Reached XP level 8. HP: 13/39 MP: 6/9
  2306 | D:5      | Entered Level 5 of the Dungeon
  2413 | D:5      | Found a basalt altar of Yredelemnul.
  2996 | D:6      | Found a transporter.
  3000 | D:6      | Found a transporter.
  3002 | D:6      | Noticed Dirtsage's ghost (novice OpSh)
  3039 | D:6      | Slain by an orc warrior

Illustrated notes

Levels and vault maps discovered:
D:1:      psy_arrival_statuary, layout_loops_ring, minmay_tetromino_t2
D:2:      layout_rooms, basic_altar, uniq_natasha
D:3:      layout_rooms, grunt_qazlal_sundering, uniq_jessica,
          uniq_crazy_yiuf_cottage, uniq_robin
D:4:      layout_basic, minmay_vboxes, uniq_pikel, uniq_blork_the_orc,
          uniq_sigmund
D:5:      layout_basic, old_standard_altar
D:6:      layout_loops_corners, gammafunk_ghost_hive, serial_shops,
          nicolae_inconvenience_store, mainiacjoe_ossuary_entry_dusty_tomb,
          minmay_lizard_king

Skill      XL: |  1  2  3  4  5  6  7  8 |
---------------+-------------------------+-----
Short Blades   | 2 3 4 6 7 |  7.0
Stealth        | 6 7 |  7.1
Armour         | 4 |  4.6
Fighting       | |  2.6
Shields        | |  2.6

Action                     |  1- 3 |  4- 6 |  7- 9 || total
---------------------------+-------+-------+-------++-------
  Melee: Rapier            |   121 |    85 |       ||   206
         Bite              |    26 |    39 |    44 ||   109
         Dagger            |       |    40 |   160 ||   200
         Unarmed           |       |     3 |       ||     3
  Evoke: Wand              |       |       |     1 ||     1
    Use: Potion            |       |       |     1 ||     1
   Stab: Confused          |       |     1 |       ||     1
         Distracted        |       |       |     1 ||     1
 Armour: Scale mail        |    80 |    81 |    63 ||   224
         Skin              |       |     1 |       ||     1
  Dodge: Dodged            |    72 |    53 |    35 ||   160
  Block: Buckler           |    33 |    27 |    15 ||    75

Table legend: (Time is in decaauts)
 A = Elapsed time spent in this place.
 B = Non-inter-level travel time spent in this place.
 C = Inter-level travel time spent in this place.
 D = Time resting spent in this place.
 E = Time spent auto-exploring this place.
 F = Levels seen in this place.
 G = Mean time per level.
                   A        B        C        D        E       F      G
               +--------+--------+--------+--------+--------+-----+--------+
         Total |   2989 |   2874 |    115 |      4 |   2152 |   6 |  498.2 |
       Dungeon |   2989 |   2874 |    115 |      4 |   2152 |   6 |  498.2 |
               +--------+--------+--------+--------+--------+-----+--------+

Top non-repeatable levels by time:
     D:4: 669 daAuts
     D:1: 652 daAuts
     D:5: 641 daAuts
     D:3: 569 daAuts
     D:2: 396 daAuts
     D:6: 60 daAuts
